 Dungeon Crawl Stone Soup version 0.27-a0-732-ga892ba84f6 (webtiles) character file.

Game seed: 12799615472973537272

627 Lanoc the Ducker (level 7, 0/56 HPs)
             Began as a Djinni Monk on Mar 24, 2021.
             Slain by an orc wizard
             ... wielding a +0 dagger
              (2 damage)
             ... on level 6 of the Dungeon.
             The game lasted 00:10:47 (7154 turns).

Lanoc the Ducker (Djinni Monk)                      Turns: 7154, Time: 00:10:48

Health: 0/56       AC:  3    Str:  8 (10) XL:     7   Next: 47%
Magic:  0/0        EV: 15    Int: 10 (12) God:
Gold:   209        SH:  0    Dex: 14 (17) Spells: 0/6 levels left

rFire    + + .     SeeInvis .   f - +3 dagger (vamp)
rCold    x . .     Faith    .   (no shield)
rNeg     . . .     Spirit   .   b - +1 robe
rPois    ∞         Reflect  .   (no helmet)
rElec    .         Harm     .   (no cloak)
rCorr    .         Rampage  .   (no gloves)
Will     .....                  (boots unavailable)
Stlth    +.........             (no amulet)
HPRegen  0.18/turn              (no ring)
MPRegen  0.00/turn              (no ring)

@: confused, flying
A: fire resistance 2, cold vulnerability 1, float, innate caster, hp casting,
extra vitality 1
a: no special abilities


You were on level 6 of the Dungeon.
You visited 1 branch of the dungeon, and saw 6 of its levels.

You collected 209 gold pieces.

Inventory:

Hand Weapons
 f - a +3 vampiric dagger (weapon)
Missiles
 a - 67 bolts
Armour
 b - a +1 robe (worn)
Wands
 n - a wand of random effects (23)
Scrolls
 d - 3 scrolls of identify {unknown}
 h - a scroll of teleportation
 m - a scroll of blinking
 p - 2 scrolls of enchant armour
Potions
 c - a potion of degeneration
 e - a potion of resistance
 i - a potion of brilliance


   Skills:
 + Level 6.2 Fighting
 - Level 3.1 Long Blades
 + Level 6.9 Dodging
 - Level 1.5 Stealth


You couldn't memorise any spells.
You knew the following spells:

 Your Spells              Type           Power      Damage    Failure   Level
a - Sting                 Tmut/Pois      0%         1d3       36%         1
b - Ensorcelled Hibernat  Hex/Ice        0%         N/A       50%         2
c - Inner Flame           Hex/Fire       0%         N/A       75%         3
Your spell library was empty.

Dungeon Overview and Level Annotations

Branches:
Dungeon (6/15)
 Temple: D:4-7

Altars:
Fedhas
Okawaru
Uskayaw

Shops:
D:2 (


Innate Abilities, Weirdness & Mutations

You are immune to poison.
Your flesh is very heat resistant. (rF++)
You are vulnerable to cold. (rC-)
You float through the air rather than walking.
You learn spells naturally, not from books.
Your magical power is your life essence.
You have superior vitality. (+4 HP)


Message History

The orc wizard points at itself and mumbles some strange words.
The orc wizard flickers and vanishes!
You barely miss something. You hit something but do no damage.
Something hits you but does no damage.
You closely miss something. Something hits you but does no damage.
You hit something but do no damage. Something hits you but does no damage.
You closely miss something. Something hits you but does no damage.
You barely miss something. Something hits you but does no damage.
You hit something.
Reactivating autopickup.
You feel a bit more experienced.
You hear some strange, mumbled words.
Deactivating autopickup; reactivate with Ctrl-A.
You are confused.
You cannot move. (Use ctrl+direction or * direction to attack without moving.) There's something in the way.
You swing at nothing.
There's something in the way.
There's something in the way.
You miss something. Something hits you but does no damage.
The orc priest calls down the wrath of Beogh upon you.
Beogh smites you!
* * * LOW HITPOINT WARNING * * *
You cannot move. (Use ctrl+direction or * direction to attack without moving.)
You cannot move. (Use ctrl+direction or * direction to attack without moving.) There's something in the way.
You hit something.
The orc priest looks encouraged for a moment.
You hear some strange, mumbled words.
You are more confused.
There's something in the way.
You barely miss something.
You feel less wooden.
Your +1 robe unmelds from your body.
Something barely misses you.
You bump into the rock wall.
Something hits you.
* * * LOW HITPOINT WARNING * * *
You completely miss something.
You are too confused!
You bump into the rock wall.
Something hits you.
You die...

########################
...............)@)oo....
########################
#.. ..# #.# #.# #######.#
#.# ......#.# #####.###
......#.# #.......
......#.##########.##.###
......'..............>..#


You could see an orc priest and an orc.

Vanquished Creatures
  Sigmund (D:2)
  A bullfrog (D:6)
  A wight (D:3)
  A hound (D:4)
  Natasha (thrice) (D:2)
  Terence (D:3)
  An orc wizard (D:6)
  A worker ant (D:6)
  Robin (D:2)
  4 gnolls
  2 adders
  2 ufetubi (D:6)
  A worm (D:2)
  2 dart slugs
  8 orcs
  9 ball pythons
  4 bats
  3 giant cockroaches
  14 goblins
  14 hobgoblins
  2 jackals (D:2)
  7 kobolds
  8 oozes
  2 frilled lizards (D:1)
  5 rats
98 creatures vanquished.

Vanquished Creatures (others)
  An orc wizard (D:4)
  4 toadstools (D:1)
5 creatures vanquished.

Grand Total: 103 creatures vanquished

Notes
Turn   | Place    | Note
-------+----------+-------------------------------------------
     0 | D:1      | Lanoc the Djinni Monk began the quest for the Orb.
     0 | D:1      | Reached XP level 1. HP: 20/20 MP: 0/0
   153 | D:1      | Reached XP level 2. HP: 25/25 MP: 0/0
   865 | D:1      | Reached XP level 3. HP: 28/30 MP: 0/0
   865 | D:1      | Learned a level 1 spell: Sting
  1356 | D:2      | Found a hide-covered altar of Uskayaw.
  1360 | D:2      | Noticed Sigmund
  1703 | D:2      | Killed Sigmund
  1704 | D:2      | Reached skill level 5 in Dodging
  1704 | D:2      | Reached XP level 4. HP: 7/38 MP: 0/0
  1704 | D:2      | Reached XP level 5. HP: 8/42 MP: 0/0
  1704 | D:2      | Learned a level 2 spell: Ensorcelled Hibernation
  2182 | D:2      | Found Usmul's Weapon Emporium.
  2184 | D:2      | Noticed Robin
  2784 | D:2      | Killed Robin
  2849 | D:2      | Reached skill level 5 in Fighting
  2849 | D:2      | Reached XP level 6. HP: 44/49 MP: 0/0
  3052 | D:2      | Noticed Natasha
  3072 | D:2      | Killed Natasha
  4610 | D:2      | Noticed Natasha
  4626 | D:2      | Killed Natasha
  4651 | D:2      | Noticed Natasha
  4867 | D:2      | Killed Natasha
  5178 | D:3      | Found an iron altar of Okawaru.
  5359 | D:3      | Noticed Terence
  5388 | D:3      | Killed Terence
  5656 | D:4      | Reached XP level 7. HP: 55/55 MP: 0/0
  5656 | D:4      | Learned a level 3 spell: Inner Flame
  6721 | D:4      | Found a blossoming altar of Fedhas.
  6736 | D:5      | Entered Level 5 of the Dungeon
  7040 | D:6      | HP: 2/56 [worker ant (2)]
  7152 | D:6      | HP: 2/56 [something (3)]
  7154 | D:6      | Slain by an orc wizard

Illustrated notes

Levels and vault maps discovered:
D:1:      dpeg_arrival_connections, layout_loops_cross,
          minmay_gold_behind_fungi, hangedman_decor_points
D:2:      layout_loops_ring, lemuel_doored_altar, serial_shops, shop,
          minivault_19, uniq_sigmund, uniq_robin, uniq_natasha
D:3:      layout_basic, okawaru_ov_weapons_minmay, uniq_terence
D:4:      layout_gridville, nicolae_ru_great_annihilating_truth, fedhas_altar_2,
          minmay_ogre_servants
D:5:      layout_basic, lemuel_round_altar, solitary_fountain
D:6:      layout_basic, portal_sewer_entry_c, uniq_menkaure, uniq_maggie

Skill      XL: |  1  2  3  4  5  6  7 |
---------------+----------------------+-----
Dodging        | 5 6 |  6.9
Fighting       | 4 5 6 |  6.2
Long Blades    | |  3.1
Stealth        | |  1.5

Action                   |  1- 3 |  4- 6 |  7- 9 || total
-------------------------+-------+-------+-------++-------
Melee: Falchion          |    27 |       |       ||    27
       Dagger            |    49 |   195 |   148 ||   392
 Cast: Sting             |     4 |     8 |       ||    12
       Ensorcelled Hiber |       |     1 |     2 ||     3
  Use: Potion            |       |       |     7 ||     7
       Scroll            |       |       |     5 ||     5
 Stab: Sleeping          |     3 |    10 |     2 ||    15
Armor: Robe              |     7 |    25 |     8 ||    40
       Skin              |       |       |    37 ||    37
Dodge: Dodged            |    63 |   145 |    69 ||   277
       Rpst.: Falchion   |     5 |       |       ||     5

Table legend: (Time is in decaauts)
 A = Elapsed time spent in this place.
 B = Non-inter-level travel time spent in this place.
 C = Inter-level travel time spent in this place.
 D = Time resting spent in this place.
 E = Time spent auto-exploring this place.
 F = Levels seen in this place.
 G = Mean time per level.
                   A        B        C        D        E       F      G
               +--------+--------+--------+--------+--------+-----+--------+
         Total |   7142 |   7026 |    116 |   1292 |   4403 |   6 | 1190.3 |
       Dungeon |   7142 |   7026 |    116 |   1292 |   4403 |   6 | 1190.3 |
               +--------+--------+--------+--------+--------+-----+--------+

Top non-repeatable levels by time:
     D:1: 2662 daAuts
     D:2: 2110 daAuts
     D:3: 1850 daAuts
     D:6: 390 daAuts
     D:4: 108 daAuts
     D:5: 20 daAuts
